[Event "ICC tourney 2801 (60 5)"]
[Site "Internet Chess Club"]
[Date "2022.01.22"]
[Round "1"]
[White "kukkadapu, sridattha kumar:srichess23"]
[Black "CAO, DANIEL:danielcao"]
[Result "1-0"]
[ICCResult "Black resigns"]
[WhiteElo "849"]
[BlackElo "1210"]
[Opening "Sicilian defense"]
[ECO "B34"]
[NIC "SI.34"]
[Time "11:01:07"]
[PlyCount "73"]
[TimeControl "3600+5"]

1. e4 c5 2. Nf3 Nc6 3. d4 cxd4 4. Nxd4 Nf6 5. Nc3 g6 6. Be3 Bg7 7. f3 O-O 8.
Qd2 d5 9. Nxc6 bxc6 10. O-O-O e6 11. Bh6 Qb6 12. Bxg7 Kxg7 13. e5 Nd7 14. f4
Rb8 15. b3 c5 16. Na4 Qc6 17. g4 c4 18. Qc3 d4 19. Qxc4 Qxh1 20. h3 Bb7 21.
f5 Nxe5 22. Qxd4 Qd5 23. f6+ Kxf6 24. Qf4+ Kg7 25. Rxd5 Bxd5 26. Qxe5+ f6
27. Qc7+ Kh6 28. h4 Be4 29. Qf4+ g5 30. Qxe4 f5 31. gxf5 exf5 32. hxg5+ Kxg5
33. Qg2+ Kf4 34. Nc5 Rfe8 35. Be2 Ke5 36. Nd7+ Kd4 37. Nxb8 {Black resigns}
1-0

[Event "ICC tourney 2801 (60 5)"]
[Site "Internet Chess Club"]
[Date "2022.01.22"]
[Round "1"]
[White "MOORE, ADAM:madamimadam"]
[Black "ZHAO, DANSON:K01-30127679"]
[Result "1-0"]
[ICCResult "Black resigns"]
[WhiteElo "1465"]
[BlackElo "1110"]
[Opening "King's knight's gambit"]
[ECO "C34"]
[NIC "KG.02"]
[Time "11:01:07"]
[PlyCount "35"]
[TimeControl "3600+5"]

1. e4 e5 2. f4 exf4 3. Nf3 Nc6 4. Bc4 Bc5 5. d4 Bb4+ 6. c3 Ba5 7. Bxf4 d6 8.
Nbd2 Nf6 9. O-O O-O 10. Qe1 Re8 11. Bg5 h6 12. Bh4 Bb6 13. Bxf6 gxf6 14.
Qg3+ Kh7 15. Bxf7 Rg8 16. Bxg8+ Qxg8 17. Qxg8+ Kxg8 18. Nc4 {Black resigns}
1-0

[Event "ICC tourney 2801 (60 5)"]
[Site "Internet Chess Club"]
[Date "2022.01.22"]
[Round "1"]
[White "BIRUDAVOLU, SATHVIK:Vikki24"]
[Black "Lin, James:MeLikeGame"]
[Result "1/2-1/2"]
[ICCResult "Game drawn by repetition"]
[WhiteElo "1007"]
[BlackElo "1373"]
[Opening "Four knights game"]
[ECO "C47"]
[NIC "KP.06"]
[Time "11:00:13"]
[PlyCount "210"]
[TimeControl "3600+5"]

1. e4 e5 2. Nf3 Nc6 3. Nc3 Nf6 4. h3 Bc5 5. Nxe5 Nxe5 6. d4 Bxd4 7. Qxd4 d6
8. Bf4 Qe7 9. O-O-O Bd7 10. Bxe5 dxe5 11. Qc4 O-O-O 12. Nd5 Nxd5 13. exd5
Kb8 14. Qb3 Qd6 15. g3 f6 16. Bg2 Be8 17. Rhe1 Bf7 18. Kb1 Rd7 19. c4 Qb6
20. Qxb6 axb6 21. f4 exf4 22. gxf4 Rhd8 23. Bf3 f5 24. h4 c6 25. dxc6 Rxd1+
26. Rxd1 Rxd1+ 27. Bxd1 bxc6 28. b3 c5 29. Kb2 Kc7 30. Kc3 Kd6 31. Bf3 Ke6
32. Bd5+ Ke7 33. Bxf7 Kxf7 34. a3 h6 35. b4 Kf6 36. bxc5 bxc5 37. a4 g5 38.
hxg5+ hxg5 39. fxg5+ Kxg5 40. a5 f4 41. a6 f3 42. a7 f2 43. a8=Q f1=Q 44.
Qd5+ Qf5 45. Qxf5+ Kxf5 46. Kd2 Ke4 47. Kc3 Ke3 48. Kc2 Kd4 49. Kd2 Kxc4 50.
Kc2 Kd4 51. Kd2 Ke4 52. Kc3 Kd5 53. Kd3 c4+ 54. Kc3 Kc5 55. Kc2 Kd4 56. Kd2
c3+ 57. Kc2 Kc4 58. Kc1 Kd4 59. Kc2 Kc4 60. Kc1 Kd3 61. Kd1 Kc4 62. Kc2 Kb4
63. Kc1 Ka3 64. Kc2 Kb4 65. Kc1 Kb3 66. Kb1 Ka3 67. Kc2 Kb4 68. Kc1 Kc4 69.
Kc2 Kd4 70. Kc1 Ke3 71. Kc2 Kd4 72. Kc1 Kc4 73. Kc2 Kd4 74. Kc1 Kc4 75. Kc2
Kd4 76. Kc1 Kc4 77. Kc2 Kb4 78. Kc1 Kc4 79. Kc2 Kd4 80. Kc1 Kd3 81. Kd1 Kc4
82. Kc2 Kb4 83. Kc1 Kb3 84. Kb1 Kc4 85. Kc2 Kd4 86. Kc1 Kd3 87. Kd1 Kc4 88.
Kc2 Kb4 89. Kc1 Kc5 90. Kc2 Kc4 91. Kc1 Kd3 92. Kd1 Kc4 93. Kc2 Kb4 94. Kc1
Kb3 95. Kb1 Kc4 96. Kc2 Kd4 97. Kc1 Kd3 98. Kd1 Kc4 99. Kc2 Kb4 100. Kc1 Kb3
101. Kb1 Kc4 102. Kc2 Kd4 103. Kc1 Kd3 104. Kd1 Kc4 105. Kc2 Kd4
{Game drawn by repetition}
1/2-1/2

[Event "ICC tourney 2801 (60 5)"]
[Site "Internet Chess Club"]
[Date "2022.01.22"]
[Round "1"]
[White "NAVANEETH, TEJAS:tejasdgr8"]
[Black "AYYAPPAN, ANUSHKA:Anushkaa"]
[Result "0-1"]
[ICCResult "White checkmated"]
[WhiteElo "933"]
[BlackElo "1303"]
[Opening "Giuoco Piano"]
[ECO "C50"]
[NIC "IG.02"]
[Time "11:01:07"]
[PlyCount "90"]
[TimeControl "3600+5"]

1. e4 e5 2. Nf3 Nc6 3. Bc4 Bc5 4. O-O Nf6 5. Nc3 O-O 6. h3 d6 7. d3 h6 8.
Be3 Bb6 9. Re1 Bxe3 10. Rxe3 Na5 11. Bb3 Nxb3 12. axb3 c6 13. d4 exd4 14.
Nxd4 Re8 15. Qf3 Nd7 16. Nf5 Ne5 17. Qf4 Qf6 18. Rg3 Bxf5 19. Qxf5 Qxf5 20.
exf5 Kh7 21. Re1 Nf3+ 22. Rxf3 Rxe1+ 23. Kh2 Rae8 24. Rd3 d5 25. Rd2 R1e5
26. g4 h5 27. f3 a5 28. Kg3 Kh6 29. Kg2 b5 30. Kf2 hxg4 31. hxg4 g5 32. Rd1
b4 33. Na4 Re2+ 34. Kg3 Rxc2 35. Rh1+ Kg7 36. Rh5 f6 37. Rh3 Ree2 38. Rh1 d4
39. Rg1 d3 40. Rh1 d2 41. Rd1 Rc1 42. Rxd2 Rxd2 43. Kh3 Rcc2 44. Nc3 Rh2+
45. Kg3 Rcg2# {White checkmated} 0-1

[Event "ICC tourney 2801 (60 5)"]
[Site "Internet Chess Club"]
[Date "2022.01.22"]
[Round "1"]
[White "JACKSON, MASSIMO MATEO:Yeetamus123"]
[Black "BANDREDDI, AARUSH:AarushB"]
[Result "1-0"]
[ICCResult "Black checkmated"]
[WhiteElo "1383"]
[BlackElo "1012"]
[Opening "Sicilian: closed, 2...Nc6"]
[ECO "B23"]
[NIC "SI.44"]
[Time "11:00:24"]
[PlyCount "69"]
[TimeControl "3600+5"]

1. e4 c5 2. Nc3 Nc6 3. Bc4 Nf6 4. f4 g6 5. d3 Bg7 6. Nf3 d6 7. O-O Bg4 8.
Qe1 Bxf3 9. Rxf3 Nd4 10. Rf2 Ng4 11. Rd2 O-O 12. Bb3 a6 13. Qg3 h5 14. h3
Nh6 15. Rf2 e6 16. Ne2 Bf6 17. Qh2 d5 18. f5 Nxb3 19. axb3 exf5 20. Bxh6 Re8
21. exf5 gxf5 22. Qg3+ Kh7 23. Qf4 Re5 24. Qd2 Qd7 25. Raf1 Rae8 26. Ng3 Bh4
27. Qf4 Bxg3 28. Qxg3 Kxh6 29. Qf4+ Kh7 30. Qg5 h4 31. Rf4 Re4 32. dxe4 Rxe4
33. Rxf5 Qe6 34. Rxf7+ Kh8 35. Qg7# {Black checkmated} 1-0

[Event "ICC tourney 2801 (60 5)"]
[Site "Internet Chess Club"]
[Date "2022.01.22"]
[Round "1"]
[White "BANDREDDI, MEERA:MeeraBLab"]
[Black "KINKUS, SAM E:Grandslam34"]
[Result "1-0"]
[ICCResult "Black resigns"]
[WhiteElo "1205"]
[BlackElo "799"]
[Opening "Old Indian defense"]
[ECO "A53"]
[NIC "OI.07"]
[Time "11:00:19"]
[PlyCount "57"]
[TimeControl "3600+5"]

1. d4 d6 2. c4 Nf6 3. Nf3 g6 4. g3 Bg7 5. Bg2 Nbd7 6. O-O c5 7. b3 O-O 8.
Bb2 Re8 9. Qc2 Qc7 10. e4 e5 11. d5 a6 12. Nbd2 h6 13. Rfd1 Nf8 14. h3 g5
15. g4 Ng6 16. Kh2 Nf4 17. Nf1 Nxg2 18. Kxg2 Nxg4 19. hxg4 Bxg4 20. Ng3 h5
21. Rd3 Qd7 22. Nxg5 Bh6 23. Bc1 f6 24. Ne6 Rxe6 25. dxe6 Qxe6 26. Bxh6 Bh3+
27. Kg1 Qg4 28. Qd1 Qg6 29. Qxh5 {Black resigns} 1-0

[Event "ICC tourney 2801 (60 5)"]
[Site "Internet Chess Club"]
[Date "2022.01.22"]
[Round "1"]
[White "Jones, Richard S:weakfish"]
[Black "LAIDO, MATTHEW:Dabao"]
[Result "0-1"]
[ICCResult "White checkmated"]
[WhiteElo "1422"]
[BlackElo "1062"]
[Opening "Ruy Lopez: classical (Cordel) defense"]
[ECO "C64"]
[NIC "RL.01"]
[Time "11:00:47"]
[PlyCount "106"]
[TimeControl "3600+5"]

1. e4 e5 2. Nf3 Nc6 3. Bb5 Bc5 4. d3 d6 5. h3 Bd7 6. Nc3 Nf6 7. Bg5 h6 8.
Bh4 a6 9. Ba4 b5 10. Bb3 g5 11. Bg3 Na5 12. Qd2 Nxb3 13. axb3 Qe7 14. O-O
Nh5 15. Bh2 Nf4 16. Bxf4 gxf4 17. Nd5 Qd8 18. Qa5 c6 19. Qxd8+ Kxd8 20. Nc3
Rg8 21. Kh2 Kc7 22. Ne2 Kb7 23. c3 f6 24. d4 Bb6 25. Rad1 Rg7 26. Rg1 Rag8
27. Nh4 Rg5 28. g4 Kc7 29. Nf3 R5g6 30. Nh4 Rg5 31. Nf5 Bxf5 32. exf5 Rh8
33. h4 Rg7 34. h5 Rg5 35. Rg2 Rhg8 36. Kh3 f3 37. Rg3 fxe2 38. Re1 exd4 39.
Rxe2 Kd7 40. Re6 Rf8 41. Rd3 Rg7 42. cxd4 Re7 43. d5 cxd5 44. Rxe7+ Kxe7 45.
f3 d4 46. Rd2 Re8 47. Rc2 Kd7 48. Kg3 d3 49. Rd2 Re3 50. Kf4 Ke7 51. b4 d5
52. b3 d4 53. Rd1 Bc7# {White checkmated} 0-1

[Event "ICC tourney 2801 (60 5)"]
[Site "Internet Chess Club"]
[Date "2022.01.22"]
[Round "1"]
[White "BADRINATH, ANIRUDH:abadrinath"]
[Black "CHANG, ALEXANDER:Elatedbook"]
[Result "1-0"]
[ICCResult "Black checkmated"]
[WhiteElo "909"]
[BlackElo "1226"]
[Opening "Four knights: double Ruy Lopez"]
[ECO "C49"]
[NIC "KP.03"]
[Time "11:00:27"]
[PlyCount "153"]
[TimeControl "3600+5"]

1. e4 e5 2. Nf3 Nc6 3. Nc3 Nf6 4. Bb5 Bb4 5. Bxc6 dxc6 6. d3 Qe7 7. a3 Ba5
8. b4 Bb6 9. Be3 O-O 10. O-O Bg4 11. h3 Bh5 12. g4 Bg6 13. Bg5 Rfe8 14. Nh4
Bd4 15. Qd2 Rad8 16. Be3 Nxe4 17. Nxg6 Nxd2 18. Nxe7+ Rxe7 19. Bxd2 Re6 20.
Rae1 Rh6 21. Kg2 Re6 22. Ne4 Ree8 23. Be3 Bb2 24. a4 Bd4 25. Rd1 f6 26. Bxd4
Rxd4 27. c3 Rd5 28. f3 Red8 29. Nf2 c5 30. c4 Rd4 31. b5 b6 32. a5 Ra8 33.
axb6 axb6 34. Ra1 Rdd8 35. Kg3 g5 36. Rxa8 Rxa8 37. Rd1 Kf7 38. h4 h6 39.
Rh1 Kg6 40. hxg5 fxg5 41. Re1 Kf6 42. Ne4+ Ke6 43. Nc3 Kd6 44. Nd5 Ra7 45.
Kf2 Ra3 46. Ke3 Ra7 47. Ke4 Ke6 48. Rh1 Ra2 49. Rxh6+ Kf7 50. Rh7+ Ke6 51.
Rxc7 Re2+ 52. Ne3 Kd6 53. Rc6+ Kd7 54. Rxb6 Kc7 55. Rc6+ Kd7 56. Rxc5 Kd6
57. Rc6+ Ke7 58. Rg6 Kf7 59. Rxg5 Kf6 60. Rxe5 Kf7 61. Kf5 Kg7 62. Re7+ Kf8
63. Nd5 Rxe7 64. Nxe7 Kxe7 65. g5 Kf7 66. b6 Ke7 67. b7 Kd7 68. b8=Q Ke7 69.
Qe5+ Kd7 70. Qe6+ Kc7 71. Ke5 Kb7 72. Qd6 Kc8 73. Qe7 Kb8 74. Qd7 Ka8 75.
Kd6 Kb8 76. Kc6 Ka8 77. Qb7# {Black checkmated} 1-0

[Event "ICC tourney 2801 (60 5)"]
[Site "Internet Chess Club"]
[Date "2022.01.22"]
[Round "1"]
[White "JAIN, PARINYA:StockAlpha2020"]
[Black "Singh, Saharsh:saharshsingh02"]
[Result "1-0"]
[ICCResult "Black resigns"]
[WhiteElo "1288"]
[BlackElo "931"]
[Opening "Giuoco Piano: LaBourdonnais variation"]
[ECO "C53"]
[NIC "IG.02"]
[Time "11:00:19"]
[PlyCount "87"]
[TimeControl "3600+5"]

1. e4 e5 2. Nf3 Nc6 3. Bc4 Bc5 4. c3 d6 5. d4 exd4 6. cxd4 Bb6 7. h3 Nf6 8.
Nc3 h6 9. O-O O-O 10. Be3 Na5 11. Bd3 d5 12. e5 Ne8 13. b3 f6 14. Bg6 Nc6
15. Qd2 Ne7 16. Bc2 Ba5 17. a3 Bf5 18. b4 Bb6 19. Bb3 c6 20. Rac1 a6 21. Na4
Bc7 22. Nc5 Ra7 23. Nh4 Bc8 24. Bc2 g5 25. Nf3 Nf5 26. Bxf5 Bxf5 27. h4 b6
28. Nd3 Bb8 29. Rxc6 Rg7 30. hxg5 hxg5 31. exf6 Rg6 32. Bxg5 Rf7 33. Nde5
Bxe5 34. Nxe5 Qa8 35. Nxg6 Qxc6 36. Ne7+ Rxe7 37. fxe7 Qg6 38. Re1 Kf7 39.
Qf4 Ng7 40. g4 Ne6 41. Qxf5+ Qxf5 42. gxf5 Nxg5 43. e8=Q+ Kg7 44. Re7+
{Black resigns}
1-0

[Event "ICC tourney 2801 (60 5)"]
[Site "Internet Chess Club"]
[Date "2022.01.22"]
[Round "1"]
[White "SOUTHERLAND, TRIPP:Nachooo"]
[Black "AHN, WILLIAM TK:kitook"]
[Result "1-0"]
[ICCResult "Black resigns"]
[WhiteElo "1219"]
[BlackElo "896"]
[Opening "Giuoco Piano"]
[ECO "C54"]
[NIC "IG.02"]
[Time "11:00:17"]
[PlyCount "83"]
[TimeControl "3600+5"]

1. e4 e5 2. Nf3 Nc6 3. Bc4 Bc5 4. c3 Nf6 5. d4 exd4 6. cxd4 Bb4+ 7. Nc3 Nxe4
8. O-O Bxc3 9. bxc3 d5 10. Qc2 O-O 11. Bd3 Re8 12. Re1 Bf5 13. Rb1 Na5 14.
Bf4 c6 15. Nd2 Nxd2 16. Bxd2 Bxd3 17. Qxd3 Qd7 18. Qg3 Nc4 19. Bh6 f6 20. h4
Nd2 21. Bxd2 Rxe1+ 22. Rxe1 Re8 23. Rxe8+ Qxe8 24. Bh6 Qe7 25. Bf4 Qe1+ 26.
Kh2 Qe2 27. a3 Qe7 28. h5 Qxa3 29. h6 g6 30. Bd6 Qc1 31. Qh3 f5 32. Qh4 g5
33. Qh5 Qe1 34. Qxg5+ Kf7 35. Qg7+ Ke8 36. Qg8+ Kd7 37. Be5 Qxf2 38. Qxh7+
Ke8 39. Qg6+ Kd7 40. Qg3 Qd2 41. Qg7+ Ke8 42. h7 {Black resigns} 1-0

[Event "ICC tourney 2801 (60 5)"]
[Site "Internet Chess Club"]
[Date "2022.01.22"]
[Round "1"]
[White "PADIYAR, SUNMAY:sunmay12"]
[Black "ASHOK, AMUDHAN:amudhanashok"]
[Result "1-0"]
[ICCResult "Black forfeits on time"]
[WhiteElo "1369"]
[BlackElo "963"]
[Opening "Four knights: Scotch variation"]
[ECO "C47"]
[NIC "KP.06"]
[Time "11:00:16"]
[PlyCount "57"]
[TimeControl "3600+5"]

1. e4 e5 2. Nf3 Nc6 3. Nc3 Nf6 4. d4 d6 5. dxe5 dxe5 6. Qxd8+ Kxd8 7. Bg5
Be7 8. O-O-O+ Ke8 9. h3 Be6 10. Bb5 Nd7 11. Bxe7 Kxe7 12. Nd5+ Ke8 13. Nxc7+
Ke7 14. Nxa8 Rxa8 15. Ng5 Nd4 16. Bxd7 Bxd7 17. c3 Ne2+ 18. Kb1 Ba4 19. Rd5
f6 20. Nf3 Nf4 21. Ra5 Bc6 22. Nd2 Rd8 23. Kc2 a6 24. g3 Nd3 25. f3 Nf2 26.
Rh2 Nd3 27. Re2 Bb5 28. Re3 Nf2 29. c4 {Black forfeits on time} 1-0

[Event "ICC tourney 2801 (60 5)"]
[Site "Internet Chess Club"]
[Date "2022.01.22"]
[Round "1"]
[White "KRISHNAN, SHREYANK:K05-16258876"]
[Black "Deshpande, Sarthak Yashodhan:King2012"]
[Result "0-1"]
[ICCResult "White checkmated"]
[WhiteElo "1054"]
[BlackElo "1400"]
[Opening "QGD semi-Slav"]
[ECO "D43"]
[NIC "SL.03"]
[Time "11:00:13"]
[PlyCount "142"]
[TimeControl "3600+5"]

1. d4 d5 2. c4 c6 3. Nc3 Nf6 4. Nf3 e6 5. Bg5 Be7 6. e3 O-O 7. Be2 Nbd7 8.
O-O dxc4 9. Bxc4 b5 10. Bb3 Bb7 11. Re1 b4 12. Ne2 Ne4 13. Bf4 Ndf6 14. Bc2
c5 15. Qd3 Rc8 16. Bb3 Qb6 17. Ne5 Ba6 18. Nc4 Qc6 19. Qc2 Bxc4 20. Qxc4 Nd2
21. Qd3 Nxb3 22. Qxb3 c4 23. Qc2 a5 24. Rac1 Nd5 25. Bg3 Bg5 26. Qd2 c3 27.
bxc3 bxc3 28. Qd3 c2 29. h3 Qa4 30. a3 Be7 31. e4 Nb6 32. Nc3 Qxa3 33. Rxc2
Bb4 34. Rec1 Nc4 35. Qe2 Nb6 36. Qd2 Na4 37. Ra2 Bxc3 38. Rxa3 Bxd2 39. Rxc8
Rxc8 40. Rxa4 h6 41. Ra2 Rc1+ 42. Kh2 Bb4 43. Re2 Rd1 44. Be5 f6 45. Bc7
Rxd4 46. Ra2 Rd7 47. Bb6 Rd6 48. Bc7 Rd2 49. Ra4 Rd4 50. Bxa5 Bd6+ 51. g3
Rxa4 52. Bd2 Rxe4 53. Be3 Be5 54. Kg2 Bd4 55. Kf3 f5 56. Bf4 e5 57. Be3 Bxe3
58. fxe3 g5 59. g4 h5 60. gxf5 Rh4 61. Kg3 Kf7 62. Kf3 Kf6 63. e4 Rxh3+ 64.
Kf2 g4 65. Ke2 Rf3 66. Kd2 h4 67. Ke2 h3 68. Kd2 h2 69. Ke2 h1=Q 70. Kd2
Qg2+ 71. Ke1 Rf1# {White checkmated} 0-1

[Event "ICC tourney 2801 (60 5)"]
[Site "Internet Chess Club"]
[Date "2022.01.22"]
[Round "1"]
[White "RAMANATHAN, VARUN:Grasshopper411"]
[Black "BRUDNO, STEPHEN:StevChess01"]
[Result "0-1"]
[ICCResult "White checkmated"]
[WhiteElo "1068"]
[BlackElo "1440"]
[Opening "Sicilian: Grand Prix attack"]
[ECO "B23"]
[NIC "SI.44"]
[Time "11:00:19"]
[PlyCount "130"]
[TimeControl "3600+5"]

1. e4 c5 2. Nc3 Nc6 3. f4 g6 4. Nf3 Bg7 5. Bb5 Nd4 6. Ba4 a6 7. Nxd4 cxd4 8.
Ne2 Nf6 9. d3 Qa5+ 10. Bd2 Qxa4 11. O-O O-O 12. Ng3 d6 13. f5 Bd7 14. b3 Qc6
15. Ne2 Qb6 16. Kh1 Rac8 17. Rc1 e6 18. Ng3 exf5 19. exf5 Bc6 20. fxg6 fxg6
21. Bf4 Qc5 22. a4 Rce8 23. Qd2 Qd5 24. h3 Qe6 25. Kh2 Qd7 26. Rg1 Nd5 27.
Bh6 Ne3 28. Bxg7 Qxg7 29. Rce1 Qf6 30. Ne4 Bxe4 31. dxe4 Rxe4 32. Qd3 Ree8
33. b4 d5 34. b5 axb5 35. Qxb5 Qc6 36. Qb3 Qc3 37. Qxb7 Ng4+ 38. hxg4 Rxe1
39. Qxd5+ Kg7 40. Rxe1 Qxe1 41. Qxd4+ Kf7 42. g5 Qe6 43. a5 Re8 44. Qa7+ Re7
45. Qf2+ Kg7 46. Qd4+ Qe5+ 47. Qxe5+ Rxe5 48. Kg3 Rxg5+ 49. Kf3 Rxa5 50. Ke3
Rc5 51. Kd3 Kf6 52. c4 Ke5 53. Kc3 h5 54. g3 g5 55. Kd3 h4 56. gxh4 gxh4 57.
Ke2 Kf4 58. Kf2 h3 59. Kg1 Rxc4 60. Kh2 Kg4 61. Kg1 Kg3 62. Kf1 Rc2 63. Ke1
h2 64. Kd1 Ra2 65. Kc1 h1=Q# {White checkmated} 0-1

[Event "ICC tourney 2801 (60 5)"]
[Site "Internet Chess Club"]
[Date "2022.01.22"]
[Round "2"]
[White "THAPER, RISHUBH:MajorKey"]
[Black "Singh, Saharsh:saharshsingh02"]
[Result "1-0"]
[ICCResult "Black checkmated"]
[WhiteElo "1121"]
[BlackElo "931"]
[Opening "QGD: Ragozin variation"]
[ECO "D38"]
[NIC "NI.27"]
[Time "14:00:14"]
[PlyCount "37"]
[TimeControl "3600+5"]

1. d4 e6 2. c4 d5 3. Nc3 Bb4 4. Nf3 Nf6 5. cxd5 exd5 6. Bg5 O-O 7. e3 h6 8.
Bh4 Bg4 9. Be2 g5 10. Bg3 Nh5 11. Ne5 Bxe2 12. Qxe2 Nxg3 13. hxg3 Kh7 14.
Qh5 Qf6 15. Ng4 Qg6 16. Nxh6 Kg7 17. Nf5+ Qxf5 18. Qh6+ Kg8 19. Qh8#
{Black checkmated}
1-0

[Event "ICC tourney 2801 (60 5)"]
[Site "Internet Chess Club"]
[Date "2022.01.22"]
[Round "2"]
[White "CAO, DANIEL:danielcao"]
[Black "NAVANEETH, TEJAS:tejasdgr8"]
[Result "1-0"]
[ICCResult "Black checkmated"]
[WhiteElo "1210"]
[BlackElo "933"]
[Opening "French: advance, Paulsen attack"]
[ECO "C02"]
[NIC "FR.03"]
[Time "14:00:24"]
[PlyCount "75"]
[TimeControl "3600+5"]

1. e4 e6 2. d4 d5 3. e5 c5 4. c3 Nc6 5. Nf3 Qb6 6. a3 c4 7. Nbd2 Na5 8. Be2
Ne7 9. O-O Ng6 10. Ne1 Bd7 11. f4 Be7 12. g4 O-O 13. f5 Nh4 14. f6 Bd8 15.
g5 Ng6 16. Ng2 Nb3 17. Nxb3 Ba4 18. Nf4 Bxb3 19. Qe1 a5 20. Nxg6 fxg6 21. h4
a4 22. h5 Qc7 23. Qh4 Qf7 24. hxg6 hxg6 25. Kg2 Bc2 26. Bf3 Qe8 27. Rh1 Kf7
28. Qh7 Rg8 29. Rh6 Bc7 30. Bh5 Kf8 31. Rxg6 Bxg6 32. Bxg6 Qd7 33. f7 Ke7
34. fxg8=Q Rxg8 35. Qxg8 Qc6 36. Qxg7+ Kd8 37. Qf8+ Kd7 38. Qe8#
{Black checkmated}
1-0

[Event "ICC tourney 2801 (60 5)"]
[Site "Internet Chess Club"]
[Date "2022.01.22"]
[Round "2"]
[White "kukkadapu, sridattha kumar:srichess23"]
[Black "PADIYAR, SUNMAY:sunmay12"]
[Result "0-1"]
[ICCResult "White checkmated"]
[WhiteElo "849"]
[BlackElo "1369"]
[Opening "Vienna game"]
[ECO "C28"]
[NIC "IG.04"]
[Time "14:00:21"]
[PlyCount "110"]
[TimeControl "3600+5"]

1. e4 e5 2. Bc4 Nc6 3. Nc3 Nf6 4. d3 Be7 5. f4 d6 6. Nf3 Bg4 7. h3 Bxf3 8.
Qxf3 Nd4 9. Qf2 Nh5 10. O-O Bh4 11. Bxf7+ Kxf7 12. fxe5+ Bxf2+ 13. Rxf2+ Ke8
14. Be3 dxe5 15. Raf1 Nf6 16. Bg5 h6 17. Bxf6 gxf6 18. Rxf6 Kd7 19. Nd5 Rf8
20. Rxf8 Qxf8 21. Rxf8 Rxf8 22. c3 Ne2+ 23. Kh2 Nf4 24. Nb4 a5 25. Nc2 Nxd3
26. b3 Rf2 27. Ne3 Rxa2 28. Nf5 Nf4 29. Nxh6 Rxg2+ 30. Kh1 Rg3 31. Nf7 Rxh3+
32. Kg1 Rh5 33. Kf2 Ke7 34. Nxe5 Rxe5 35. Ke3 Ng6 36. Kd4 c5+ 37. Ke3 b5 38.
Kd3 c4+ 39. bxc4 bxc4+ 40. Kxc4 Rxe4+ 41. Kb3 Kd6 42. Ka3 Kc5 43. Kb3 a4+
44. Ka3 Ne7 45. Ka2 Kc4 46. Kb2 Re2+ 47. Ka3 Kxc3 48. Kxa4 Rb2 49. Ka3 Nf5
50. Ka4 Rb1 51. Ka5 Kc4 52. Ka6 Kc5 53. Ka7 Kc6 54. Ka8 Kc7 55. Ka7 Ra1#
{White checkmated}
0-1

[Event "ICC tourney 2801 (60 5)"]
[Site "Internet Chess Club"]
[Date "2022.01.22"]
[Round "2"]
[White "ZHAO, DANSON:K01-30127679"]
[Black "AHN, WILLIAM TK:kitook"]
[Result "1-0"]
[ICCResult "Black resigns"]
[WhiteElo "1110"]
[BlackElo "896"]
[Opening "Giuoco Pianissimo: Italian four knights variation"]
[ECO "C47"]
[NIC "KP.06"]
[Time "14:00:34"]
[PlyCount "147"]
[TimeControl "3600+5"]

1. e4 e5 2. Nf3 Nc6 3. Nc3 Nf6 4. Bc4 Bc5 5. d3 d6 6. h3 O-O 7. Bg5 Be6 8.
Nd5 Bxd5 9. Bxd5 Na5 10. c3 c6 11. Bb3 Nxb3 12. Qxb3 Re8 13. O-O h6 14. Bh4
Re6 15. Rfe1 Qd7 16. Qc2 Nh5 17. d4 exd4 18. Nxd4 Bxd4 19. cxd4 Rg6 20. Kh1
Nf4 21. Bg3 Nh5 22. Bh2 Qe7 23. e5 Qg5 24. Rg1 dxe5 25. dxe5 Nf4 26. Bxf4
Qxf4 27. Qe2 Re8 28. Rae1 Rge6 29. Qe3 Qxe5 30. Qxe5 Rxe5 31. Rxe5 Rxe5 32.
Rb1 b5 33. a3 Re2 34. Kg1 Kf8 35. Kf1 Rc2 36. b4 Ra2 37. Rb3 Ra1+ 38. Ke2
Ra2+ 39. Ke3 Ke7 40. g3 g6 41. Rd3 f5 42. h4 g5 43. hxg5 hxg5 44. f4 gxf4+
45. gxf4 Rc2 46. Kd4 Rc4+ 47. Ke5 Re4+ 48. Kxf5 Re6 49. Rc3 Rf6+ 50. Ke4
Re6+ 51. Kf3 Kd6 52. Rd3+ Kc7 53. f5 Rf6 54. Ke4 a6 55. Ke5 Rf8 56. f6 Re8+
57. Kf5 Rf8 58. Ke6 Re8+ 59. Kf7 Re5 60. Kg7 Rg5+ 61. Kh6 Rg8 62. f7 Rf8 63.
Kg7 Rxf7+ 64. Kxf7 Kb6 65. Ke6 a5 66. Rc3 axb4 67. axb4 Kc7 68. Rc5 Kb6 69.
Kd6 Kb7 70. Rxc6 Kb8 71. Rc7 Ka8 72. Kc6 Kb8 73. Rh7 Ka8 74. Kb6 {Black
resigns} 1-0

[Event "ICC tourney 2801 (60 5)"]
[Site "Internet Chess Club"]
[Date "2022.01.22"]
[Round "2"]
[White "Lin, James:MeLikeGame"]
[Black "Wang, Chase:chensix"]
[Result "1-0"]
[ICCResult "Black checkmated"]
[WhiteElo "1373"]
[BlackElo "527"]
[Opening "Giuoco Piano"]
[ECO "C53"]
[NIC "IG.02"]
[Time "14:00:16"]
[PlyCount "103"]
[TimeControl "3600+5"]

1. e4 e5 2. Nf3 Nc6 3. Bc4 Bc5 4. c3 d5 5. exd5 Na5 6. Bb5+ c6 7. dxc6 bxc6
8. Ba4 Bd6 9. O-O Nf6 10. d4 e4 11. Ne5 Qc7 12. b4 Bxe5 13. dxe5 Qxe5 14.
bxa5 Bd7 15. Be3 O-O 16. Bd4 Bg4 17. Bxe5 Bxd1 18. Rxd1 Rfd8 19. Rxd8+ Rxd8
20. Bxf6 gxf6 21. g3 c5 22. c4 Kg7 23. Nc3 f5 24. Nd5 Kg6 25. Rb1 Kg5 26.
Rb7 Ra8 27. Rxf7 h5 28. Bd7 Rb8 29. Rxf5+ Kg6 30. Nf4+ Kh6 31. Rxh5+ Kg7 32.
Ne6+ Kg6 33. Rg5+ Kf6 34. h4 Rb1+ 35. Kg2 a6 36. h5 Rb8 37. h6 Kf7 38. h7
Ke7 39. Rg7+ Kf6 40. Rg8 Rxg8 41. hxg8=Q Ke5 42. Qg5+ Kd6 43. Qd5+ Ke7 44.
Nf4 Kf8 45. Qf5+ Ke7 46. Qe6+ Kf8 47. Ng6+ Kg7 48. Nf4 Kf8 49. Be8 Kg7 50.
Qg6+ Kh8 51. Bf7 e3 52. Qg8# {Black checkmated} 1-0

[Event "ICC tourney 2801 (60 5)"]
[Site "Internet Chess Club"]
[Date "2022.01.22"]
[Round "2"]
[White "BAI, JEFFREY:Jeffchess"]
[Black "Hua, Joshua:lovealek"]
[Result "1-0"]
[ICCResult "Black resigns"]
[WhiteElo "1174"]
[BlackElo "493"]
[Opening "Evans gambit"]
[ECO "C51"]
[NIC "IG.05"]
[Time "14:00:20"]
[PlyCount "33"]
[TimeControl "3600+5"]

1. e4 e5 2. Nf3 Nc6 3. Bc4 Bc5 4. b4 Bxb4 5. c3 Bc5 6. d4 exd4 7. Qb3 Qe7 8.
Bg5 Nf6 9. O-O dxc3 10. Nxc3 d6 11. e5 Be6 12. Bxe6 Qxe6 13. Qxb7 O-O 14.
Qxc6 Nd7 15. Rae1 Nxe5 16. Nxe5 dxe5 17. Qxc5 {Black resigns} 1-0

[Event "ICC tourney 2801 (60 5)"]
[Site "Internet Chess Club"]
[Date "2022.01.22"]
[Round "2"]
[White "Deshpande, Sarthak Yashodhan:King2012"]
[Black "GUO, MAX:salamenceg"]
[Result "1/2-1/2"]
[ICCResult "Game drawn by repetition"]
[WhiteElo "1400"]
[BlackElo "1139"]
[Opening "Neo-Grünfeld, 6.cd Nxd5, 7.O-O"]
[ECO "D75"]
[NIC "KI.80"]
[Time "14:00:18"]
[PlyCount "101"]
[TimeControl "3600+5"]

1. d4 Nf6 2. c4 g6 3. Nf3 Bg7 4. g3 O-O 5. Bg2 d5 6. cxd5 Nxd5 7. O-O c5 8.
e3 Nc6 9. Nc3 Nxc3 10. bxc3 Qa5 11. Bb2 Rd8 12. Qb3 Bd7 13. c4 Qb4 14. Qxb4
Nxb4 15. Ne1 Rab8 16. a3 Na6 17. Rb1 b5 18. Nf3 bxc4 19. Nd2 cxd4 20. Bxd4
Rxb1 21. Rxb1 Bf5 22. Rc1 Bxd4 23. exd4 Rxd4 24. Nxc4 Nc5 25. Na5 Nd3 26.
Rd1 e5 27. Nc6 Rd7 28. Bf1 e4 29. Bxd3 Rxd3 30. Rxd3 exd3 31. Ne7+ Kf8 32.
Nxf5 gxf5 33. Kf1 Ke7 34. Ke1 Kd6 35. Kd2 Kc5 36. Kxd3 Kb5 37. Kc3 a5 38. f4
f6 39. h3 h5 40. h4 Ka4 41. Kb2 Kb5 42. Kb3 a4+ 43. Kc3 Kc5 44. Kd3 Kd5 45.
Kc3 Kc5 46. Kd3 Kd5 47. Kc3 Kc5 48. Kd3 Kd5 49. Kc3 Kc5 50. Kd3 Kd5 51. Kc3
{Game drawn by repetition}
1/2-1/2